 Dungeon Crawl Stone Soup version 0.17.1-3-g152610e (webtiles) character file.

8992 Miyamura the Chucker (level 11, -6/104 HPs)
             Began as a Troll Hunter on Mar 19, 2016.
             Was a High Priest of Okawaru.
             Killed from afar by a deep elf mage (39 damage)
             ... with a shard of ice
             ... on level 10 of the Dungeon on Mar 20, 2016.
             The game lasted 00:37:30 (11494 turns).

Miyamura the Chucker (Troll Hunter)                Turns: 11494, Time: 00:37:30

Health: -6/104     AC: 17    Str: 22    XL:     11   Next: 17%
Magic:  13/13      EV:  9    Int: 10    God:    Okawaru [*****.]
Gold:   535        SH:  9    Dex: 10    Spells: 0 memorised, 10 levels left

rFire  . . .     SeeInvis +     I - +2 mace (protect)
rCold  . . .     Clarity  +     b - +1 robe
rNeg   . . .     SustAt   +     T - +1 shield {AC+3}
rPois  .         Gourm    +     (helmet restricted)
rElec  .         Spirit   .     f - +2 cloak
rCorr  .         Warding  .     (gloves unavailable)
rMut   .         Stasis   .     (boots unavailable)
MR     .....                    j - amulet of clarity
Stlth  ++........               z - ring of sustain attributes
                                m - ring of see invisible

@: about to teleport, not resistant to hostile enchantments, unstealthy
A: unfitting armour, claws 3, fast metabolism 3, gourmand, regeneration 2,
shaggy fur 1, tough skin 2
a: Heroism, Finesse, Renounce Religion


You were on level 10 of the Dungeon.
You worshipped Okawaru.
Okawaru was extremely pleased with you.
You were completely stuffed.

You visited 2 branches of the dungeon, and saw 11 of its levels.

You collected 535 gold pieces.

Inventory:

Hand Weapons
 h - a +0 mace of freezing
 I - a +2 mace of protection (weapon)
Missiles
 d - a throwing net
 x - 32 poisoned needles
 G - 4 javelins
 J - 8 tomahawks (quivered)
 K - 2 tomahawks of returning
 L - a large rock
Armour
 b - a +1 robe (worn)
 f - a +2 cloak (worn)
 D - a +1 shield of reflection
 T - a +1 shield of protection (worn)
Magical Staves
 Q - an uncursed staff of cold
Jewellery
 j - an amulet of clarity (around neck)
 l - an uncursed ring of wizardry
 m - a ring of see invisible (left claw)
 z - a ring of sustain attributes (right claw)
 P - an uncursed ring of ice
Wands
 c - a wand of teleportation (3)
 o - a wand of slowing (17)
 s - a wand of slowing (38)
 H - a wand of slowing (30)
 N - a wand of polymorph (1)
Scrolls
 i - a scroll of teleportation
 q - a scroll of fear
 w - 2 scrolls of enchant weapon
 y - 5 scrolls of amnesia
 A - 2 scrolls of recharging
 F - a scroll of remove curse
 M - a scroll of enchant armour
 O - 2 scrolls of magic mapping
Potions
 k - 3 potions of magic
 n - 5 potions of heal wounds
 p - 5 potions of curing
 r - a potion of berserk rage
 t - 3 potions of lignification
 v - 2 potions of invisibility
 B - a potion of cancellation
 R - a potion of flight
Books
 u - a book of Conjurations

   Spells                             Type                      Level
   a - Magic Dart                     Conjuration                  1
   b - Searing Ray                    Conjuration                  2
   c - Dazzling Spray                 Conjuration/Hexes            3
   d - Fulminant Prism                Conjuration/Hexes            4
   e - Iskenderun's Mystic Blast      Conjuration                  4
   f - Iskenderun's Battlesphere      Conjuration/Charms           5
Comestibles
 a - 3 beef jerkies
 e - 8 bread rations
 g - 7 fruits
 C - a meat ration
 E - a chunk of flesh


   Skills:
 - Level 5.6 Fighting
 - Level 7.0 Maces & Flails
 - Level 7.2 Throwing
 - Level 5.9 Dodging
 - Level 4.6 Stealth
 + Level 2.1 Shields
 - Level 4.8 Unarmed Combat
 - Level 4.9 Invocations


You had 10 spell levels left.
You didn't know any spells.

Dungeon Overview and Level Annotations

Branches:
Dungeon (10/15)            Temple (1/1) D:4            Lair (0/8) D:10
    Orc: D:9-12

Altars:
Ashenzari
Cheibriados
Dithmenos
Elyvilon
Fedhas
Gozag
Kikubaaqudgha
Makhleb
Nemelex Xobeh
Okawaru
Qazlal
Ru
Sif Muna
Trog
Vehumet
Xom
Yredelemnul
Zin
The Shining One

Shops:
D:7 (

Annotations:
D:10 Fannar


Innate Abilities, Weirdness & Mutations

You are too large for most types of armour.
You have claws for hands.
Your metabolism is lightning-fast.
You like to eat raw meat.
You heal very quickly.
You are covered in fur (AC +1).
You have very tough skin (AC +2).


Message History

The deep elf mage is moderately wounded.
The deep elf mage gestures at you while chanting.
You are frozen.
You miss the deep elf mage.
The deep elf mage is moderately wounded.
The deep elf mage casts a spell.
You barely miss the deep elf mage.
The deep elf mage is moderately wounded.
You block the deep elf mage's attack.
You barely miss the deep elf mage.
The deep elf mage is moderately wounded.
The deep elf mage gestures at you while chanting.
The shard of ice hits you!
The ice beast hits you but does no damage.
Read which item? (? for menu, Esc to quit)
As you read the scroll of teleportation, it crumbles to dust.
You feel strangely unstable.
The deep elf mage gestures at you while chanting.
The shard of ice hits you!
You die...

######### #############
........... ............
.......... ...........
#######..# #........[. #
#..# #.......... # #..#
#...Y......
#######..#####..@e......
........................
.........)...(..........
######..######..........
######..######........>.
.....≈≈≈≈≈≈..........#..#
≈..≈.[≈≈≈≈≈≈......≈..#..#
..≈..≈≈≈≈≈≈≈≈≈..≈....#..#
.≈≈≈≈.≈≈≈≈≈≈≈≈.≈≈≈...#..##


You could see an ice beast and a deep elf mage.

Vanquished Creatures
  Maud (D:10)
  A two-headed ogre (D:9)
  A troll (D:9)
  The ghost of SpiritFryer the Archer, an amateur CeHu (D:5)
  Grinder (D:3)
  A trapdoor spider zombie (D:9)
  A spriggan (D:8)
  8 yaks
  2 wolves (D:10)
  A hippogriff (D:10)
  A hungry ghost (D:8)
  The ghost of Shufflesack the Thaumaturge, an amateur DEWz (D:4)
  A water moccasin (D:9)
  Duvessa (D:5)
  3 orc warriors
  A wasp (D:8)
  A sky beast (D:10)
  4 ogres
  A phantom (D:4)
  A crocodile (D:9)
  5 centaurs
  The ghost of Shufflesack the Magician, an amateur DEWz (D:3)
  8 giant frogs
  4 scorpions
  Dowan (D:5)
  4 killer bees (D:9)
  2 water moccasin skeletons (D:6)
  4 wights (D:7)
  4 electric eels
  8 crimson imps
  8 hounds
  A giant frog zombie (D:10)
  9 orc priests
  A gnoll shaman (D:3)
  2 jellies
  2 centaur skeletons
  An iguana (D:7)
  12 orc wizards
  Natasha (thrice) (D:2)
  6 worker ants
  A killer bee zombie (D:5)
  A worker ant zombie (D:9)
  3 hound skeletons
  13 gnolls
  2 shadow imps
  10 adders
  An adder skeleton (D:9)
  2 worms
  3 giant geckos
  32 orcs
  A bat (D:2)
  5 giant cockroaches
  6 goblins
  6 hobgoblins
  2 quokkas
  2 ball pythons
  A giant gecko skeleton (D:4)
  A giant gecko zombie (D:5)
  8 giant newts
  26 jackals
  A jackal skeleton (D:9)
  8 kobolds
  3 quokka skeletons
  A quokka zombie (D:5)
  2 rats
260 creatures vanquished.

Notes
Turn   | Place    | Note
--------------------------------------------------------------
     0 | D:1      | Miyamura the Troll Hunter began the quest for the Orb.
     0 | D:1      | Reached XP level 1. HP: 19/19 MP: 0/0
   104 | D:2      | Reached XP level 2. HP: 25/27 MP: 1/1
   260 | D:1      | Reached skill level 1 in Unarmed Combat
   617 | D:2      | Reached XP level 3. HP: 30/33 MP: 2/2
   689 | D:2      | Noticed Natasha
   708 | D:2      | Killed Natasha
   708 | D:2      | Reached skill level 4 in Throwing
   708 | D:2      | Reached skill level 1 in Stealth
   836 | D:2      | Found a deep blue altar of Sif Muna.
   865 | D:2      | Noticed Natasha
   884 | D:2      | Killed Natasha
   884 | D:2      | Reached XP level 4. HP: 42/42 MP: 3/3
   951 | D:2      | Noticed Natasha
   952 | D:2      | Killed Natasha
  1273 | D:2      | Found a blossoming altar of Fedhas.
  1273 | D:2      | Found a sparkling altar of Nemelex Xobeh.
  1488 | D:3      | Noticed Shufflesack's ghost (amateur DEWz)
  1499 | D:2      | Reached XP level 5. HP: 40/49 MP: 4/4
  1568 | D:3      | Killed Shufflesack's ghost
  1799 | D:3      | Noticed Grinder
  1831 | D:3      | Killed Grinder
  1831 | D:3      | Reached XP level 6. HP: 48/59 MP: 5/5
  2064 | D:3      | Reached XP level 7. HP: 66/66 MP: 6/6
  2313 | D:3      | Found a shimmering altar of Xom.
  2354 | D:3      | Reached skill level 5 in Throwing
  2768 | D:3      | Reached skill level 1 in Maces & Flails
  3143 | D:4      | Found a snail-covered altar of Cheibriados.
  3399 | D:4      | Noticed Shufflesack's ghost (amateur DEWz)
  3412 | D:4      | Killed Shufflesack's ghost
  3497 | D:4      | Found a staircase to the Ecumenical Temple.
  3505 | Temple   | Entered the Ecumenical Temple
  3602 | Temple   | Became a worshipper of Warmaster Okawaru
  3647 | D:4      | Found a shadowy altar of Dithmenos.
  3777 | D:4      | Reached XP level 8. HP: 53/75 MP: 7/7
  3849 | D:4      | Found a glowing silver altar of Zin.
  4069 | D:5      | Entered Level 5 of the Dungeon
  4195 | D:5      | Noticed SpiritFryer's ghost (amateur CeHu)
  4220 | D:5      | Killed SpiritFryer's ghost
  4492 | D:5      | Found a bloodstained altar of Trog.
  4763 | D:5      | Reached * piety under Okawaru
  4814 | D:5      | Noticed Dowan
  4816 | D:5      | Noticed Duvessa
  4823 | D:5      | Killed Dowan
  4843 | D:5      | Killed Duvessa
  5214 | D:6      | Reached skill level 6 in Throwing
  5232 | D:6      | Reached XP level 9. HP: 63/84 MP: 8/8
  5499 | D:6      | Reached ** piety under Okawaru
  6164 | D:7      | Found a sacrificial altar of Ru.
  6200 | D:7      | Found Siullio's Antique Weapon Shoppe.
  6564 | D:7      | Found an iron altar of Okawaru.
  6952 | D:8      | Found a deep blue altar of Sif Muna.
  7085 | D:8      | Reached skill level 5 in Dodging
  7177 | D:8      | Paralysed by a wasp for 1 turns
  7189 | D:8      | Paralysed by a wasp for 1 turns
  7336 | D:8      | Reached skill level 5 in Maces & Flails
  7544 | D:8      | Reached *** piety under Okawaru
  7747 | D:8      | Reached XP level 10. HP: 86/94 MP: 9/9
  8001 | D:9      | Reached skill level 5 in Fighting
  8764 | D:9      | Reached **** piety under Okawaru
  9180 | D:9      | Reached skill level 7 in Throwing
  9472 | D:9      | Reached ***** piety under Okawaru
 10015 | D:10     | Entered Level 10 of the Dungeon
 10165 | D:10     | Noticed Fannar
 10760 | D:10     | Noticed Maud
 10816 | D:10     | Killed Maud
 10816 | D:10     | Received a gift from Okawaru
 10816 | D:10     | Reached XP level 11. HP: 50/104 MP: 1/13
 11027 | D:10     | Reached skill level 1 in Shields
 11267 | D:10     | Found a staircase to the Lair.
 11494 | D:10     | Killed from afar by a deep elf mage

Action                   |  1- 3 |  4- 6 |  7- 9 | 10-12 || total
-------------------------+-------+-------+-------+-------++-------
Melee: Unarmed           |    99 |   109 |   564 |   168 ||   940
       Mace              |       |       |       |   307 ||   307
Throw: Large rock        |     1 |    15 |    21 |     3 ||    40
       Throwing net      |       |     4 |     3 |       ||     7
       Tomahawk          |       |       |       |    22 ||    22
Invok: Heroism           |       |       |       |     2 ||     2
       Finesse           |       |       |       |     1 ||     1
Evoke: Wand              |       |     3 |    26 |    12 ||    41
  Use: Scroll            |     4 |     5 |    11 |     5 ||    25
       Potion            |     1 |       |     9 |     2 ||    12
 Stab: Sleeping          |       |       |     4 |     1 ||     5
  Eat: Chunk             |    14 |    11 |    55 |    38 ||   118
       Bread ration      |       |       |     1 |     1 ||     2
       Meat ration       |       |       |     1 |       ||     1
       Royal jelly       |       |       |     1 |       ||     1
       Pizza             |       |       |       |     2 ||     2
